 Dungeon Crawl Stone Soup version 0.20-a0-926-g560771d (webtiles) character file.

164 M4edhros the Skirmisher (level 5, -2/33 HPs)
             Began as a Gargoyle Chaos Knight on Mar 28, 2017.
             Slain by an orc
             ... wielding a +0 trident
              (7 damage)
             ... on level 3 of the Dungeon.
             The game lasted 00:05:34 (10563 turns).

M4edhros the Skirmisher (Gargoyle Chaos Knight)    Turns: 10563, Time: 00:05:34

Health: -2/33      AC:  7    Str: 13 (15) XL:     5   Next: 45%
Magic:  5/5        EV:  6    Int: 13      God:    Xom [.*....]
Gold:   86         SH:  0    Dex:  9 (10) Spells: 4/4 levels left

rFire    + . .     SeeInvis .   a - +0 spear (chaos)
rCold    + . .     Gourm    .   l - +0 large shield
rNeg     + . .     Faith    +   g - +0 leather armour (curse)
rPois    ∞         Spirit   .   (no helmet)
rElec    +         Reflect  .   n - scarf {rC+}
rCorr    .         Harm     .   (no gloves)
MR       .....                  (no boots)
Stlth    +.........             i - amulet of faith
Regen    0.2/turn               f - ring of protection from fire
MPRegen  0.1/turn               (no ring)

@: confused, very slightly contaminated, hasted, drained, very quick
A: fangs 1, deterioration 1, negative energy resistance 1, electricity
resistance, unbreathing, petrification resistance, rot immunity, AC +4
a: Renounce Religion


You were on level 3 of the Dungeon.
You worshipped Xom.
You were a plaything of Xom.
You were hungry.

You visited 1 branch of the dungeon, and saw 3 of its levels.

You collected 86 gold pieces.

Inventory:

Hand Weapons
 a - a +0 spear of chaos (weapon)
 o - a +2 dagger of venom
Missiles
 e - 77 stones (quivered)
Armour
 b - a +2 leather armour
 g - a cursed +0 leather armour (worn)
 l - a +0 large shield (worn)
 n - a scarf of cold resistance (worn)
Jewellery
 f - a ring of protection from fire (left hand)
 i - an amulet of faith (around neck)
 m - an uncursed amulet of guardian spirit {unknown}
Scrolls
 d - 2 scrolls of identify {unknown}
 j - a scroll of fear {unknown}
 k - a scroll of immolation {unknown}
 q - a scroll of teleportation
Comestibles
 c - 2 bread rations


   Skills:
 + Level 3.9 Fighting
 + Level 3.6 Polearms
 + Level 3.2(3.1) Armour
 + Level 1.2 Dodging
 + Level 2.8 Stealth
 + Level 0.4 Shields


You had 4 spell levels left.
You didn't know any spells.

Dungeon Overview and Level Annotations

Branches:
Dungeon (3/15)

Altars:
Xom
The Shining One


Innate Abilities, Weirdness & Mutations

You are resistant to torment.
Your stone body is resilient. (AC +4)
You are immune to poison.
You resist negative energy. (rN+)
You are resistant to electric shocks. (rElec)
You can survive without breathing.
You are immune to petrification.
You are immune to rotting.
You have very sharp teeth.
Your body sometimes deteriorates upon taking damage.


Message History

The goblin shouts!
You're too confused!
Unknown command.
A kobold comes into view.
The kobold shouts!
The goblin barely misses you.
You hit the goblin.
You hear a whooshing sound.
The goblin is moderately wounded.
You bump into the rock wall.
The goblin barely misses you.
A quokka comes into view.
You bump into the rock wall.
The goblin hits you but does no damage.
You hit the goblin. You freeze the goblin.
You kill the goblin!
Xom's power touches on you for a moment.
Shadowy shapes form in the air around you, then vanish.
You bump into the rock wall.
The orc hits you but does no damage.
The kobold throws a stone.
The stone hits you but does no damage. The orc hits you with a trident!
You die...

# . # # #...# ######
#...# .....# #...#
.###.###...# #
.##...##...##########...#
###.#........##.@()Kr...#
###...##...#.##o#####...#
.............?o#.# #
..............###.#
#######..#.#).†#.###.
.......#........?.
#.#####.#..######.. #
#.#..# #.#..#


You could see an orc wizard, an orc, a quokka and a kobold.

Vanquished Creatures
  Jessica (D:2)
  An adder (D:2)
  A shadow imp (D:1)
  An ooze (D:3)
  2 worms (D:2)
  3 dart slugs
  A leopard gecko (shapeshifter) (D:1)
  2 leopard geckos
  3 orcs (D:3)
  6 giant cockroaches
  9 goblins
  6 hobgoblins
  19 jackals
  A ball python (D:1)
  10 bats
  5 frilled lizards
  12 kobolds
  9 rats
92 creatures vanquished.

Notes
Turn   | Place    | Note
-------+----------+-------------------------------------------
     0 | D:1      | M4edhros the Gargoyle Chaos Knight began the quest for the Orb.
     0 | D:1      | Reached XP level 1. HP: 14/14 MP: 1/1
   190 | D:1      | XOM: divination: magic mapping
  1163 | D:1      | XOM: harmless Hex miscast
  1416 | D:1      | XOM is BORED!
  1416 | D:1      | XOM: noise
  1434 | D:1      | XOM: harmless Erth miscast
  1653 | D:1      | XOM: harmless Pois miscast
  1963 | D:1      | XOM: harmless Air miscast
  1987 | D:1      | XOM: mild Pois miscast
  2033 | D:1      | XOM: draining
  2602 | D:1      | XOM is BORED!
  2602 | D:1      | XOM: medium Tmut miscast
  2901 | D:1      | Reached XP level 2. HP: 19/19 MP: 2/2
  2923 | D:1      | XOM: mild Necr miscast
  3113 | D:1      | XOM: harmless Air miscast
  3160 | D:1      | XOM: scenery: 1 doors close
  3548 | D:1      | XOM: harmless Erth miscast
  3695 | D:1      | XOM: divination: magic mapping
  4063 | D:1      | XOM: scenery: 1 doors open
  4140 | D:1      | XOM: divination: magic mapping
  4414 | D:1      | Reached skill level 1 in Stealth
  4414 | D:1      | Reached XP level 3. HP: 24/24 MP: 3/3
  4415 | D:1      | XOM: god gift: 22 stones
  5096 | D:1      | XOM: silly message
  5170 | D:1      | XOM: silly message
  5325 | D:1      | XOM is BORED!
  5325 | D:1      | XOM: noise
  5750 | D:1      | XOM: god gift: shiny emerald ring {god gift}
  6125 | D:1      | Reached XP level 4. HP: 29/29 MP: 4/4
  6433 | D:1      | XOM is BORED!
  6433 | D:1      | XOM: silly message
  6559 | D:1      | XOM: 9-stop teleportation journey
  7193 | D:1      | XOM: medium Chrm miscast
  7371 | D:1      | XOM: medium Tmut miscast
  7448 | D:1      | XOM: scenery: create altars
  7475 | D:1      | XOM: medium Tmut miscast
  7740 | D:1      | XOM: draining
  8016 | D:1      | Noticed a vampire mosquito
  8016 | D:1      | Noticed a vampire mosquito
  8017 | D:1      | Noticed a vampire mosquito
  8017 | D:1      | Noticed a vampire mosquito
  8017 | D:1      | XOM: summons friendly quasit
  8042 | D:1      | XOM: harmless Fire miscast
  8072 | D:1      | XOM: give mutations
  8072 | D:1      | Gained mutation: Your body sometimes deteriorates upon taking damage. [Xom's mischief]
  8072 | D:1      | Gained mutation: You are dopey. (Int -2) [Xom's mischief]
  8072 | D:1      | Lost mutation: You are dopey. (Int -2) [Xom's mischief]
  8072 | D:1      | Gained mutation: You have very sharp teeth. [Xom's mischief]
  8319 | D:2      | XOM: harmless Ice miscast
  8449 | D:2      | XOM: torment (23/29 hp)
  8684 | D:1      | XOM: harmless Ice miscast
  8766 | D:2      | XOM: medium Tmut miscast
  8860 | D:2      | Found a glowing golden altar of the Shining One.
  8944 | D:2      | XOM: noise
  8962 | D:2      | XOM: noise
  9081 | D:2      | Noticed Jessica
  9081 | D:2      | XOM: chaos upgrade
  9083 | D:2      | Killed Jessica
  9083 | D:2      | Reached skill level 1 in Dodging
  9083 | D:2      | Reached XP level 5. HP: 33/33 MP: 5/5
  9117 | D:2      | XOM: mild Pois miscast
  9124 | D:2      | XOM: harmless Tloc miscast
  9181 | D:2      | XOM: mild Pois miscast
 10140 | D:3      | XOM: harmless Ice miscast
 10531 | D:3      | XOM: cleaving
 10561 | D:3      | XOM: harmless Summ miscast
 10563 | D:3      | Slain by an orc

Vault maps used:
D:1:      shiori_shiawase, nrook_uturn
D:2:      minmay_item_behind_shaft, tso_altar, uniq_jessica
D:3:      overflow_temple_1_default, first_bread

Skill      XL: |  1  2  3  4 |
---------------+-------------+-----
Polearms       | 3 |  3.6
Stealth        | 1 2 |  2.8
Armour         | 3 |  3.2
Dodging        | 1 |  1.2
Fighting       | |  3.9
Shields        | |  0.4

Action                   |  1- 3 |  4- 6 || total
-------------------------+-------+-------++-------
Melee: Spear             |   119 |   182 ||   301
       Bite              |       |     5 ||     5
  Use: Scroll            |     1 |     1 ||     2
       Potion            |       |     2 ||     2
 Stab: Paralysed         |     1 |     1 ||     2
       Petrified         |       |     5 ||     5
       Petrifying        |       |     1 ||     1
       Sleeping          |       |     1 ||     1
  Eat: Chunk             |    15 |    14 ||    29
Armor: Leather armour    |    35 |    94 ||   129
Dodge: Dodged            |    61 |    61 ||   122
Block: Large shield      |       |    33 ||    33
